 Dungeon Crawl Stone Soup version 0.29-a0-320-g9f8742066b (webtiles) character file.

Game seed: 11115847361807933427

127 jmlagarto the Agent of Entropy (level 4, -1/36 HPs)
             Began as a Demonspawn Abyssal Knight on Apr 2, 2022.
             Was a Priest of Lugonu.
             Slain by a sky beast (5 damage)
             ... on level 3 of the Dungeon.
             The game lasted 00:05:39 (3183 turns).

jmlagarto the Agent of Entropy (DsAK)               Turns: 3183, Time: 00:05:40

Health: -1/36      AC:  7    Str: 15    XL:     4   Next: 85%
Magic:  15/15      EV:  9    Int: 12    God:    Lugonu [***...]
Gold:   81         SH:  4    Dex: 13    Spells: 3/3 levels left

rFire   . . .      SeeInvis .   q - +0 war axe
rCold   . . .      Faith    .   x - +0 buckler
rNeg    . . .      Spirit   .   i - +0 scale mail
rPois   .          Reflect  .   (no helmet)
rElec   .          Harm     .   (no cloak)
rCorr   .          Rampage  .   (no gloves)
Will    .....                   (no boots)
Stlth   ..........              (no amulet)
HPRegen 0.12/turn               g - ring of wizardry
MPRegen 0.14/turn               k - ring of magical power

@: no status effects
A: rugged brown scales 1, powered by death 2
a: Renounce Religion, Depart the Abyss, Bend Space, Banish


You were on level 3 of the Dungeon.
You worshipped Lugonu.
Lugonu was most pleased with you.
You visited 1 branch of the dungeon, and saw 4 of its levels.
You visited the Abyss 1 time.

You collected 103 gold pieces.
You spent 22 gold pieces at shops.

Inventory:

Hand Weapons
 a - a +1 hand axe
 p - a +0 fustibalus
 q - a +0 war axe (weapon)
Armour
 b - a +0 leather armour
 i - a +0 scale mail (worn)
 x - a +0 buckler (worn)
Jewellery
 g - a ring of wizardry (left hand)
 k - a ring of magical power (right hand)
Scrolls
 c - a scroll of immolation
 o - a scroll of blinking {unknown}
 r - a scroll of summoning {unknown}
 s - a scroll of brand weapon {unknown}
 v - a scroll of teleportation {unknown}
Potions
 d - a potion of lignification {unknown}
 e - 3 potions of ambrosia
 h - a potion of mutation {unknown}
 j - a potion of curing
 l - 2 potions of degeneration {unknown}
 m - a potion of magic {unknown}
 n - a potion of haste {unknown}
 t - a potion of brilliance {unknown}
 u - a potion of heal wounds {unknown}
 w - a potion of might {unknown}


   Skills:
 - Level 3.5 Fighting
 - Level 2.4 Axes
 - Level 2.4 Armour
 - Level 1.9 Dodging
 + Level 1.2 Shields
 - Level 3.5 Invocations


You had 3 spell levels left.
You didn't know any spells.
Your spell library contained the following spells:

 Spells                   Type           Power      Damage    Failure   Level
 Sublimation of Blood     Necr           0%         N/A       67%         2
 Wereblood                Tmut           0%         N/A       67%         2
 Summon Hydra             Summ           0%         N/A       100%        7


Dungeon Overview and Level Annotations

Branches:
Dungeon (4/15)
 Temple: D:4-7

Altars:

Shops:
D:2 ?   D:3 (


Innate Abilities, Weirdness & Mutations

You are partially covered in rugged brown scales. (AC +1, +3% HP)
You regenerate health from kills.


Message History

The sky beast closely misses you.
You climb upwards.
There is a stone staircase leading down here.
You slash the sky beast!
The sky beast is moderately wounded.
The sky beast hits you but does no damage.
You closely miss the sky beast.
The sky beast is moderately wounded.
You block the sky beast's attack.
The sky beast hits you but does no damage.
You miss the sky beast.
The sky beast is moderately wounded.
The sky beast barely misses you.
You slash the sky beast!
The sky beast is almost dead.
The sky beast hits you but does no damage.
You block the sky beast's attack.
You hit the sky beast.
The sky beast is almost dead.
The sky beast flickers out of sight!
Deactivating autopickup; reactivate with Ctrl-A.
Something hits you but does no damage.
You barely miss something. Something hits you. Something shocks you.
Something hits you. Something shocks you.
Something hits you but does no damage. Something hits you.
Something shocks you.
You barely miss something. Something hits you but does no damage.
You barely miss something. Something hits you.
* * * LOW HITPOINT WARNING * * *
Something shocks you.
* * * LOW HITPOINT WARNING * * *
Something hits you but does no damage.
You barely miss something. Something hits you but does no damage.
You feel better. Something hits you but does no damage.
You closely miss something. Something hits you. Something shocks you.
* * * LOW HITPOINT WARNING * * *
Something hits you.
* * * LOW HITPOINT WARNING * * *
Something shocks you.
You die...

##.......# #.........
#......... #.........
##.......# ##.......
##.......
################........
#......@{...>...........
#.###############)......
#.# #........... #.#
#.###.......
#.###########.# ###.#.##
#.#...........# #.#.##
#.#.########### #.#...
#.#.# ###########.####
####.#.#####...............


There were no monsters in sight!

Vanquished Creatures
  A gnoll (D:1)
  2 adders (D:3)
  A worm (D:3)
  A dart slug (D:1)
  14 orcs (D:3)
  9 ball pythons
  9 endoplasms
  2 giant cockroaches
  3 goblins
  7 hobgoblins
  6 kobolds
  6 quokkas
  2 bats
  2 frilled lizards
  11 rats
76 creatures vanquished.

Notes
Turn   | Place    | Note
-------+----------+-------------------------------------------
     0 | Abyss:1  | jmlagarto the Demonspawn Abyssal Knight began the quest for
                  | the Orb.
     0 | Abyss:1  | Reached XP level 1. HP: 18/18 MP: 2/2
    48 | Abyss:1  | Found a corrupted altar of Lugonu.
    48 | Abyss:1  | Noticed an earth elemental
    49 | D:1      | Escaped the Abyss
   108 | D:1      | Reached skill level 1 in Dodging
   108 | D:1      | Gained mutation: You regenerate a little health from kills.
                  | [demonic ancestry]
   108 | D:1      | Reached XP level 2. HP: 16/24 MP: 4/4
   452 | D:1      | Reached ** piety under Lugonu
   696 | D:1      | Gained mutation: You are partially covered in rugged brown
                  | scales. (AC +1, +3% HP) [demonic ancestry]
   696 | D:1      | Reached XP level 3. HP: 24/29 MP: 5/5
  1564 | D:2      | Found Opokhlaju's Magic Scroll Boutique.
  1579 | D:2      | Bought a scroll of identify for 22 gold pieces
  1952 | D:2      | Found a faded altar of an unknown god.
  2094 | D:2      | Reached *** piety under Lugonu
  2357 | D:3      | Gained mutation: You regenerate health from kills. [demonic
                  | ancestry]
  2357 | D:3      | Reached XP level 4. HP: 28/36 MP: 6/6
  2718 | D:3      | Found Jymycats's Weapon Shop.
  2914 | D:3      | Reached skill level 1 in Shields
  3160 | D:4      | Noticed a sky beast
  3183 | D:3      | Slain by a sky beast

Illustrated notes

Levels and vault maps discovered:
D:1:      onia_arrival_mini_maze, layout_basic, minivault_14,
          minmay_pentomino_u4
D:2:      layout_basic, serial_shops, shop, basic_ecumenical_altar, nrook_uturn,
          chequers_serial_rivers_room_a, hangedman_decor_points,
          minmay_hedge_maze, minmay_misc_feat_plants, grunt_ministairs_6,
          minmay_tiny_reverse_x
D:3:      layout_loops_ring, serial_shops, nicolae_diamond_shop
D:4:      kennysheep_the_goblin_king, layout_loops_ring,
          chequers_temple_overflow_statue_of_worship, ebering_ghost_gozag,
          uniq_blork_the_orc

Skill      XL: |  1  2  3  4 |
---------------+-------------+-----
Axes           | 2 |  2.4
Dodging        | 1 |  1.9
Armour         | 2 |  2.4
Invocations    | 3 |  3.5
Shields        | 1 |  1.2
Fighting       | |  3.5

Action                   |  1- 3 |  4- 6 || total
-------------------------+-------+-------++-------
Melee: Hand axe          |   102 |       ||   102
       War axe           |    51 |    96 ||   147
       Punch             |     1 |       ||     1
Invok: Depart the Abyss  |     1 |       ||     1
  Use: Scroll            |     2 |     1 ||     3
       Potion            |       |     1 ||     1
 Stab: Distracted        |     1 |       ||     1
Armor: Leather armour    |     9 |       ||     9
       Scale mail        |    58 |    44 ||   102
Dodge: Dodged            |    82 |    40 ||   122
Block: Buckler           |       |     7 ||     7

Table legend: (Time is in decaauts)
 A = Elapsed time spent in this place.
 B = Non-inter-level travel time spent in this place.
 C = Inter-level travel time spent in this place.
 D = Time resting spent in this place.
 E = Time spent auto-exploring this place.
 F = Levels seen in this place.
 G = Mean time per level.
                   A        B        C        D        E       F      G
               +--------+--------+--------+--------+--------+-----+--------+
         Total |   3261 |   3156 |    105 |      0 |   2536 |   5 |  652.2 |
       Dungeon |   3212 |   3107 |    105 |      0 |   2489 |   4 |  803.0 |
         Abyss |     49 |     49 |      0 |      0 |     47 |   1 |   49.0 |
               +--------+--------+--------+--------+--------+-----+--------+

Top non-repeatable levels by time:
     D:2: 1128 daAuts
     D:1: 1088 daAuts
     D:3: 987 daAuts
 Abyss:1: 49 daAuts
     D:4: 8 daAuts
